 Dungeon Crawl Stone Soup version 0.30-a0-738-g116ff8c4af (webtiles) character file.

Game seed: 3585548370332089605

758 MachoJfn the Magician (level 7, -1/64 HPs)
             Began as a Demonspawn Hedge Wizard on Feb 3, 2023.
             Was a Follower of Hepliaklqana.
             Succumbed to a hornet's poison
             ... on level 5 of the Dungeon.
             The game lasted 00:24:09 (6522 turns).

MachoJfn the Magician (Demonspawn Hedge Wizard)     Turns: 6522, Time: 00:24:09

Health: -1/64      AC:  3    Str:  9 (10) XL:     7   Next: 50%
Magic:  15/15      EV: 12    Int: 18      God:    Hepliaklqana [*.....]
Gold:   226        SH:  0    Dex: 11 (12) Spells: 14/17 levels left

rFire   . . .      SeeInvis +    j - +2 whip (elec)
rCold   + . .      Faith    .    (no shield)
rNeg    . . .      Spirit   .    b - +1 robe
rPois   .          Reflect  .    c - +0 hat
rElec   .          Harm     .    (no cloak)
rCorr   .          Rampage  .    (no gloves)
Will    .....                    (no boots) Stlth
                                 s - amulet of the acrobat
HPRegen 0.30/turn                p - ring of see invisible
MPRegen 0.14/turn                v - ring of protection from cold

@: berserking, lethally poisoned (-1 -> -13), slowed
A: reduced essence, claws 1, foul stench 2, weakness stinger 1
a: Renounce Religion, Recall Ancestor, Ancestor Identity


You were on level 5 of the Dungeon.
You worshipped Hepliaklqana.
Hepliaklqana was aware of your devotion.
You visited 2 branches of the dungeon, and saw 6 of its levels.

You collected 226 gold pieces.

Inventory:

Hand Weapons
 j - a +2 whip of electrocution (weapon)
Armour
 b - a +1 robe (worn)
 c - a +0 hat (worn)
Jewellery
 i - a ring of positive energy
 p - a ring of see invisible (left claw)
 s - an amulet of the acrobat (around neck)
 v - a ring of protection from cold (right claw)
Scrolls
 a - a scroll of amnesia {unknown}
 e - a scroll of teleportation
 m - a scroll of noise {unknown}
 q - a scroll of acquirement {unknown}
 r - a scroll of immolation {unknown}
 t - a scroll of fog {unknown}
 w - a scroll of enchant armour
Potions
 d - a potion of magic
 f - 4 potions of haste
 g - 3 potions of attraction
 k - a potion of degeneration
 l - a potion of mutation {unknown}
 n - 3 potions of brilliance
 o - a potion of lignification {unknown}
 u - a potion of heal wounds {unknown}
 x - a potion of might {unknown}


   Skills:
 + Level 1.2 Fighting
 + Level 2.2 Maces & Flails
 + Level 2.6 Dodging
 + Level 2.7 Stealth
 + Level 0.2 Shields
 + Level 5.5 Spellcasting
 + Level 4.4 Conjurations
 + Level 1.1 Summonings
 + Level 1.3 Translocations


You had 14 spell levels left.
You knew the following spells:

 Your Spells              Type           Power      Damage    Failure   Level
a - Magic Dart            Conj           84%        1d7       1%          1
b - Blink                 Tloc           18%        N/A       11%         2

Your spell library contained the following spells:

 Spells                   Type           Power      Damage    Failure   Level
 Call Imp                 Summ           9%         N/A       12%         2
 Slow                     Hex            20%        N/A       13%         1
 Cigotuvi's Dreadful Rot  Necr/Pois/Air  10%        N/A       19%         2
 Poisonous Vapours        Pois/Air       10%        N/A       19%         2
 Mephitic Cloud           Conj/Pois/Air  10%        N/A       21%         3
 Gell's Gravitas          Tloc           9%         N/A       22%         3
 Teleport Other           Tloc           9%         N/A       22%         3
 Anguish                  Hex/Necr       2%         N/A       77%         4
 Dispersal                Tloc           4%         N/A       100%        6
 Enfeeble                 Hex            2%         N/A       100%        7


Dungeon Overview and Level Annotations

Branches:
Dungeon (5/15)             Temple (1/1) D:4

Altars:
Ashenzari
Cheibriados
Dithmenos
Gozag
Hepliaklqana
Kikubaaqudgha
Makhleb
Nemelex Xobeh
Okawaru
Qazlal
Sif Muna
Trog
Uskayaw
Vehumet
Wu Jian
Xom
Yredelemnul

Annotations:
D:3 1 runed translucent door, b0rk's ghost, amateur MiFi


Innate Abilities, Weirdness & Mutations

Your life essence is reduced to manifest your ancestor. (-10% HP)
You have sharp fingernails.
You sometimes emit foul miasma when damaged in melee.
You have a small tail.


Message History

i - a ring of positive energy You swap places.
A hornet comes into view.
The hornet buzzes angrily.
Casting: Magic Dart (safe; 1% risk of failure)
Confirm with . or Enter, or press ? or * to list all spells.
Aiming: Magic Dart (safe; 1% risk of failure)
Press: ? - help, Shift-Dir - straight line, f - hornet
Aim: a hornet (100% to hit)
The magic dart hits the hornet.
The hornet is lightly wounded.
You closely miss the hornet.
The hornet is lightly wounded.
The hornet closely misses you.
You barely miss the hornet.
The hornet is lightly wounded.
The hornet barely misses you. The hornet stings you!
You feel yourself slow down.
You emit a cloud of foul miasma!
You hit the hornet but do no damage.
The hornet is engulfed in dark miasma.
The hornet is poisoned.
The hornet stings you.
You are poisoned.
You feel as though you will be slow longer.
The hornet is engulfed in dark miasma.
The hornet looks even sicker.
The hornet seems to slow down.
The hornet stings you.
You are lethally poisoned!
You feel as though you will be slow longer.
You closely miss the hornet.
The hornet is moderately wounded.
You feel extremely sick.
The hornet is no longer moving slowly.
The hornet is engulfed in dark miasma.
The hornet looks even sicker.
The hornet seems to slow down.
The hornet stings you!
* * * LOW HITPOINT WARNING * * *
You feel as though you will be slow longer.
The hornet is engulfed in dark miasma.
The hornet looks as sick as possible!
The hornet closely misses you.
It was a potion of berserk rage.
A red film seems to cover your vision as you go berserk!
You feel yourself moving faster!
You feel mighty!
You die...

#######.####. ###
#..#### ##.####
####..#
#.....###...#R###
#......#R####....
##.....#.....#####
#......#......#.##
##R....#.....#....
#@###.#......#....
#..y..###.....#....
#......#.###.#.....
#.....#.....###....
......#......#.###R
##.....# #.....#
.###.#. #...... .
###. ..#.....#
#......#


You could see the friendly Gaius the ancestor and a hornet (extremely poisoned,
slow, ally target).

Vanquished Creatures
  2 black bears
  A necrophage (D:4)
  3 scorpions
  A hound (D:4)
  2 orc priests (D:4)
  Jessica (D:3)
  2 orc wizards (D:4)
  An iguana (D:4)
  A mummy (D:4)
  3 adders
  An ufetubus (D:4)
  A worm (D:2)
  3 dart slugs
  12 orcs
  4 endoplasms
  2 giant cockroaches
  5 goblins
  7 hobgoblins
  7 jackals
  4 quokkas
  5 ball pythons
  2 bats
  12 frilled lizards
  5 kobolds
  6 rats
93 creatures vanquished.

Vanquished Creatures (others)
  An orc (D:3)
1 creature vanquished.

Grand Total: 94 creatures vanquished

Notes
Turn   | Place    | Note
-------+----------+-------------------------------------------
     0 | D:1      | MachoJfn the Demonspawn Hedge Wizard began the quest for
                  | the Orb.
     0 | D:1      | Reached XP level 1. HP: 13/13 MP: 4/4
   457 | D:1      | Gained mutation: You may rarely emit foul miasma when
                  | damaged in melee. [demonic ancestry]
   457 | D:1      | Reached XP level 2. HP: 19/19 MP: 0/6
  1897 | D:2      | Discovered your monstrous ancestry.
  1897 | D:2      | Gained mutation: You have a small tail. [demonic ancestry]
  1897 | D:2      | Reached XP level 3. HP: 24/24 MP: 2/8
  2462 | D:2      | Reached skill level 4 in Spellcasting
  2506 | D:2      | Gained mutation: You have sharp fingernails. [demonic
                  | ancestry]
  2506 | D:2      | Reached XP level 4. HP: 21/30 MP: 6/10
  2643 | D:3      | Found a runed translucent door.
  2670 | D:3      | Noticed b0rk's ghost (amateur MiFi)
  2731 | D:3      | Found a burning altar of Makhleb.
  2772 | D:3      | Became a worshipper of Makhleb the Destroyer
  2919 | D:3      | Found a broken altar of Ashenzari.
  3171 | D:3      | Noticed Jessica
  3178 | D:3      | Killed Jessica
  3185 | D:3      | Found a shadowy altar of Dithmenos.
  3704 | D:4      | Noticed a scorpion
  3712 | D:4      | Killed a scorpion
  3713 | D:4      | Reached skill level 1 in Maces & Flails
  3713 | D:4      | Reached XP level 5. HP: 22/35 MP: 6/11
  3804 | D:4      | Found a staircase to the Ecumenical Temple.
  3814 | Temple   | Entered the Ecumenical Temple
  3963 | Temple   | Fell from the grace of Makhleb
  3963 | Temple   | Became a worshipper of Hepliaklqana the Forgotten
  4087 | D:4      | Gained mutation: You sometimes emit foul miasma when
                  | damaged in melee. [demonic ancestry]
  4087 | D:4      | Reached XP level 6. HP: 17/41 MP: 10/13
  4248 | D:4      | Found a snail-covered altar of Cheibriados.
  4609 | D:4      | Learned a level 2 spell: Blink
  4730 | D:4      | Reached skill level 1 in Translocations
  4788 | D:4      | Reached skill level 5 in Spellcasting
  5193 | D:4      | Identified the +6 scale mail of Koypyat {Harm Drain rCorr
                  | Dex+8}
  5234 | D:4      | Reached XP level 7. HP: 31/47 MP: 7/14
  5339 | D:4      | Reached * piety under Hepliaklqana
  5610 | D:4      | Found a snail-covered altar of Cheibriados.
  5976 | D:5      | Entered Level 5 of the Dungeon
  6007 | D:5      | Reached skill level 1 in Fighting
  6516 | D:5      | Noticed a hornet
  6521 | D:5      | HP: 2/43 [hornet (11)]
  6522 | D:5      | Succumbed to a hornet's poison

Illustrated notes

Levels and vault maps discovered:
D:1:      tarquinn_simple_flora_water_f, layout_basic,
          dreamdust_princess_bridge, st_stairs_13, minmay_tetromino_i2
D:2:      layout_basic, minmay_lizard_pond
D:3:      layout_basic, nicolae_ashenzari_skybound,
          nicolae_dithmenos_the_darkroom, overflow_temple_1_default,
          ebering_ghost_sewer_d, kennysheep_decorative_pillar, uniq_jessica
D:4:      layout_loops_corners, chei_slow_surprise, temple_statues,
          chequers_serial_rivers_micro_c, kennysheep_small_circle
D:5:      nicolae_BIG_FREAKIN_CUBE, layout_basic, serial_shops,
          nicolae_shop_hallway_plus
Temple:   lightli_temple_of_artemis

Skill      XL: |  1  2  3  4  5  6  7 |
---------------+----------------------+-----
Conjurations   | 2 3 4 |  4.4
Stealth        | 2 |  2.7
Spellcasting   | 4 5 |  5.5
Dodging        | 2 |  2.6
Maces & Flails | 1 2 |  2.2
Translocations | 1 |  1.3
Fighting       | 1 |  1.2
Shields        | |  0.2
Summonings     | |  1.1

Action                     |  1- 3 |  4- 6 |  7- 9 || total
---------------------------+-------+-------+-------++-------
  Melee: Dagger            |    28 |       |       ||    28
         Whip              |    28 |    52 |    18 ||    98
         Punch             |     2 |     1 |       ||     3
         Tailslap          |       |     5 |     2 ||     7
   Cast: Magic Dart        |    88 |   107 |    18 ||   213
         Blink             |       |     4 |       ||     4
    Use: Scroll            |     1 |     3 |     2 ||     6
         Potion            |       |     1 |     1 ||     2
   Stab: Sleeping          |       |       |     1 ||     1
 Armour: Robe              |    10 |     8 |     1 ||    19
  Dodge: Dodged            |    28 |    50 |    13 ||    91
  Block: Other             |     7 |     1 |       ||     8
         Reflection        |       |     1 |       ||     1

Table legend: (Time is in decaauts)
 A = Elapsed time spent in this place.
 B = Non-inter-level travel time spent in this place.
 C = Inter-level travel time spent in this place.
 D = Time resting spent in this place.
 E = Time spent auto-exploring this place.
 F = Levels seen in this place.
 G = Mean time per level.
                   A        B        C        D        E       F      G
               +--------+--------+--------+--------+--------+-----+--------+
         Total |   6531 |   5257 |   1274 |   1209 |   3391 |   6 | 1088.5 |
       Dungeon |   6364 |   5169 |   1195 |   1209 |   3311 |   5 | 1272.8 |
        Temple |    166 |     87 |     79 |      0 |     80 |   1 |  166.0 |
               +--------+--------+--------+--------+--------+-----+--------+

Top non-repeatable levels by time:
     D:4: 2118 daAuts
     D:1: 1441 daAuts
     D:2: 1203 daAuts
     D:3: 1049 daAuts
     D:5: 552 daAuts
  Temple: 166 daAuts
